 Dungeon Crawl Stone Soup version 0.28-a0-1624-g820543e53a (webtiles) character file.

Game seed: 12781475768918644092

142 hashsling the Twirler (level 5, -1/41 HPs)
             Began as a Demonspawn Gladiator on Jan 23, 2022.
             Succumbed to a water moccasin's poison
             ... on level 4 of the Dungeon.
             The game lasted 00:05:05 (2889 turns).

hashsling the Twirler (Demonspawn Gladiator)        Turns: 2889, Time: 00:05:06

Health: -1/41      AC:  5    Str: 14    XL:     5   Next: 4%
Magic:  5/5        EV: 13    Int: 10    God:
Gold:   183        SH:  0    Dex: 16    Spells: 4/4 levels left

rFire   . . .      SeeInvis .   a - +0 quarterstaff
rCold   . . .      Faith    .   (shield currently unavailable)
rNeg    . . .      Spirit   .   b - +0 leather armour
rPois   .          Reflect  .   (helmet restricted)
rElec   .          Harm     .   o - +0 cloak
rCorr   .          Rampage  .   f - +0 pair of gloves
Will    .....                   (no boots)
Stlth   +.........              (no amulet)
HPRegen 0.13/turn               (no ring)
MPRegen 0.09/turn               (no ring)

@: lethally poisoned (-1 -> -14)
A: horns 1, demonic guardian 2
a: no special abilities


You were on level 4 of the Dungeon.
You visited 1 branch of the dungeon, and saw 4 of its levels.

You collected 183 gold pieces.

Inventory:

Hand Weapons
 a - a +0 quarterstaff (weapon)
Missiles
 d - 2 throwing nets (quivered)
 h - 54 arrows
 q - 4 boomerangs of dispersal
 s - 4 poisoned darts
Armour
 b - a +0 leather armour (worn)
 c - a +0 helmet
 f - a +0 pair of gloves (worn)
 o - a +0 cloak (worn)
Scrolls
 e - 2 scrolls of enchant armour {unknown}
 j - a scroll of amnesia {unknown}
 l - a scroll of blinking {unknown}
 m - a scroll of identify {unknown}
 p - a scroll of teleportation {unknown}
Potions
 g - a potion of lignification {unknown}
 i - a potion of resistance {unknown}
 k - a potion of haste {unknown}
 n - a potion of ambrosia {unknown}
 r - 2 potions of flight {unknown}
 t - a potion of brilliance {unknown}


   Skills:
 + Level 3.3 Fighting
 + Level 3.7 Staves
 - Level 2.0 Throwing
 + Level 3.6 Dodging


You had 4 spell levels left.
You didn't know any spells.
Your spell library was empty.

Dungeon Overview and Level Annotations

Branches:
Dungeon (4/15)
 Temple: D:4-7

Altars:
Elyvilon
Qazlal


Innate Abilities, Weirdness & Mutations

You have a pair of small horns on your head.
A demonic guardian rushes to your aid.


Message History

The bullfrog skeleton hits you.
You hit the bullfrog skeleton.
The bullfrog skeleton is moderately damaged.
The bullfrog skeleton completely misses you.
The bullfrog skeleton barely misses you.
The water moccasin bites you.
You hit the bullfrog skeleton but do no damage.
The bullfrog skeleton is moderately damaged.
The bullfrog skeleton hits you but does no damage.
The water moccasin bites you but does no damage.
You sock the bullfrog skeleton!
The bullfrog skeleton is severely damaged.
The water moccasin misses you. The bullfrog skeleton misses you.
The water moccasin closely misses you.
The bullfrog skeleton closely misses you.
An orc comes into view. It is wielding a +0 club.
The orc shouts!
The water moccasin barely misses you. The water moccasin bites you.
You are poisoned.
The water moccasin poisons you!
You feel very sick.
You feel sick. The water moccasin bites you.
A demonic guardian appears!
You feel sick.
You feel sick.
Your rust devil hits the water moccasin.
Your rust devil corrodes the water moccasin!
You feel sick. The water moccasin bites you.
* * * LOW HITPOINT WARNING * * *
You are lethally poisoned!
The water moccasin poisons you!
Your rust devil barely misses the water moccasin.
There is a stone staircase leading down here.
* * * LOW HITPOINT WARNING * * *
You feel very sick.
* * * LOW HITPOINT WARNING * * *
You feel very sick.
Your rust devil barely misses the bullfrog skeleton.
There is a stone staircase leading up here.
You die...

. #.g#...#.#
#........#
#..##..#.#
###..##.o#.# #
.......g...#.#
###..##.4#...#
#....Z>#.###
#..##S...#
#....@...#
.......[.#.#
###.####.#.#
.. #.### ##
#.# #.# .# ##


You could see a water moccasin (corroded, ally target), an orc, a goblin, a
bullfrog skeleton and a friendly rust devil (summoned).

Vanquished Creatures
  Natasha (thrice) (D:3)
  2 adders
  A worm (D:2)
  A dart slug (D:1)
  7 ball pythons
  4 endoplasms
  4 giant cockroaches (D:1)
  7 goblins
  6 hobgoblins
  2 quokkas (D:3)
  3 bats
  A frilled lizard (D:1)
  2 kobolds (D:3)
  3 rats
46 creatures vanquished.

Notes
Turn   | Place    | Note
-------+----------+-------------------------------------------
     0 | D:1      | hashsling the Demonspawn Gladiator began the quest for the
                  | Orb.
     0 | D:1      | Reached XP level 1. HP: 16/16 MP: 1/1
   216 | D:1      | Gained mutation: A weak demonic guardian rushes to your
                  | aid. [demonic ancestry]
   216 | D:1      | Reached XP level 2. HP: 20/22 MP: 2/2
   725 | D:1      | Found a faded altar of an unknown god.
   783 | D:1      | You fall into a shaft and drop 1 floor!
   915 | D:2      | Gained mutation: A demonic guardian rushes to your aid.
                  | [demonic ancestry]
   915 | D:2      | Reached XP level 3. HP: 28/28 MP: 3/3
  1735 | D:3      | Noticed Natasha
  1741 | D:3      | Killed Natasha
  1742 | D:3      | Reached XP level 4. HP: 35/35 MP: 4/4
  1984 | D:3      | Found a stormy altar of Qazlal.
  1985 | D:3      | Noticed Natasha
  1999 | D:3      | Killed Natasha
  2398 | D:3      | Noticed Natasha
  2405 | D:3      | Killed Natasha
  2406 | D:3      | Gained mutation: You have a pair of small horns on your
                  | head. [demonic ancestry]
  2406 | D:3      | Reached XP level 5. HP: 16/41 MP: 5/5
  2870 | D:4      | Noticed a water moccasin
  2888 | D:4      | HP: 2/41 [poisoned by a water moccasin]
  2889 | D:4      | Succumbed to a water moccasin's poison

Illustrated notes

Levels and vault maps discovered:
D:1:      elethiomel_arrival_infinity_welcomes_careful_drivers,
          layout_loops_ring, chequers_ecumenical_altar_simple_redux
D:2:      layout_basic
D:3:      layout_basic, mainiacjoe_overflow_big_doors, uniq_natasha
D:4:      minmay_wonky_spiral, layout_basic, slow_altar_1

Skill      XL: |  1  2  3 |
---------------+----------+-----
Throwing       | 2 |  2.0
Staves         | 3 |  3.7
Dodging        | 3 |  3.6
Fighting       | 3 |  3.3

Action                   |  1- 3 |  4- 6 || total
-------------------------+-------+-------++-------
Melee: Quarterstaff      |   122 |    36 ||   158
Throw: Dart              |       |     1 ||     1
       Throwing net      |       |     1 ||     1
 Stab: Sleeping          |       |     1 ||     1
Armor: Leather armour    |    45 |    15 ||    60
Dodge: Dodged            |   102 |    28 ||   130

Table legend: (Time is in decaauts)
 A = Elapsed time spent in this place.
 B = Non-inter-level travel time spent in this place.
 C = Inter-level travel time spent in this place.
 D = Time resting spent in this place.
 E = Time spent auto-exploring this place.
 F = Levels seen in this place.
 G = Mean time per level.
                   A        B        C        D        E       F      G
               +--------+--------+--------+--------+--------+-----+--------+
         Total |   2935 |   2863 |     72 |      0 |   2441 |   4 |  733.8 |
       Dungeon |   2935 |   2863 |     72 |      0 |   2441 |   4 |  733.8 |
               +--------+--------+--------+--------+--------+-----+--------+

Top non-repeatable levels by time:
     D:3: 1375 daAuts
     D:1: 792 daAuts
     D:2: 736 daAuts
     D:4: 31 daAuts
